Workbook

Sheet PLANILHA ORÇAM.
A1: PREFEITURA MUNICIPAL DE VARGEM ALTA
A2: ESTADO DO ESPIRITO SANTO
A3: OBRA: | B3: REFORMA E AMPLIAÇÃO EMEB "FRADE" | F3: Data Base: Setembro de 2021
A4: LOCAL: | B4: FRADE- VARGEM ALTA- ES | F4: BDI = 29,63 %
A5: ITEM | B5: CÓDIGO IOPES/SIN | C5: ESPECIFICAÇÃO | D5: UNID | E5: QUANT. | F5: PREÇOS EM REAL
F6: P. UNIT. | G6: P. TOTAL
C7: REFORMA
A8: 1 | C8: INSTALAÇÃO DO CANTEIRO DE OBRAS
A9: 1.1 | B9: 020305 IOPES | C9: Placa de obra nas dimensões de 2.0 x 4.0 m, padrão | D9: m2 | E9: 8 | F9: =J9 -> 371.29921 | G9: =F9*E9 -> 2970.3937 | H9: 286.43 | I9: 0.2963 | J9: =H9+(H9*I9) -> 371.29921
C10: SUBTOTAL | G10: =SUM(G9:G9) -> 2970.3937 | I10: 0.2963
A11: 2 | C11: RETIRADA E DEMOLIÇÃO | I11: 0.2963
A12: 2.1 | B12: 010315 IOPES | C12: Retirada de cobertura em telhas Canalete 49 | D12: m2 | E12: 142.35 | F12: =J12 -> 11.900034 | G12: =F12*E12 -> 1693.9698 | H12: 9.18 | I12: 0.2963 | J12: =H12+(H12*I12) -> 11.900034
A13: 2.2 | B13: 010206 IOPES | C13: Demolição de revestimento com azulejos | D13: m2 | E13: 27.56 | F13: =J13 -> 51.735333 | G13: =F13*E13 -> 1425.8258 | H13: 39.91 | I13: 0.2963 | J13: =H13+(H13*I13) -> 51.735333
A14: 2.3 | B14: 010228 IOPES | C14: Demolição de forro de madeira, sem reaproveitamento | D14: m2 | E14: 68.04 | F14: =J14 -> 7.012983 | G14: =F14*E14 -> 477.16336 | H14: 5.41 | I14: 0.2963 | J14: =H14+(H14*I14) -> 7.012983
A15: 2.4 | B15: 010209 IOPES | C15: Demolição de alvenaria | D15: m3 | E15: 3.27 | F15: =J15 -> 62.079807 | G15: =F15*E15 -> 203.00097 | H15: 47.89 | I15: 0.2963 | J15: =H15+(H15*I15) -> 62.079807
A16: 2.5 | B16: 90446 SINAPI | C16: RASGO EM CONTRAPISO PARA RAMAIS/ DISTRIBUIÇÃO COM DIÂMETROS MAIORES QUE 75 MM. AF_05/2015 | D16: m | E16: 15 | F16: =J16 -> 28.505637 | G16: =F16*E16 -> 427.58456 | H16: 21.99 | I16: 0.2963 | J16: =H16+(H16*I16) -> 28.505637
A17: 2.6 | B17: 010214 IOPES | C17: Retirada de portas e janelas de madeira, inclusive batentes | D17: m2 | E17: 6.48 | F17: =J17 -> 16.553751 | G17: =F17*E17 -> 107.26831 | H17: 12.77 | I17: 0.2963 | J17: =H17+(H17*I17) -> 16.553751
A18: 2.7 | B18: 010223 IOPES | C18: Retirada de aparelhos sanitários | D18: Und | E18: 2 | F18: =J18 -> 21.505617 | G18: =F18*E18 -> 43.011234 | H18: 16.59 | I18: 0.2963 | J18: =H18+(H18*I18) -> 21.505617
A19: 2.8 | B19: 010208 IOPES | C19: Retirada de revestimento antigo em reboco | D19: m2 | E19: 85.73 | F19: =J19 -> 10.344474 | G19: =F19*E19 -> 886.83176 | H19: 7.98 | I19: 0.2963 | J19: =H19+(H19*I19) -> 10.344474
C20: SUBTOTAL | G20: =SUM(G12:G19) -> 5264.6558 | I20: 0.2963
A21: 3 | C21: ALVENARIA | I21: 0.2963
A22: 3.1 | B22: 050601 IOPES | C22: Alvenaria de blocos de concreto 9x19x39cm, c/ resist. mínimo a compres. 2.5 MPa, assent. c/ arg. De cimento, cal hidratada CH1 e areia no traço 1:0.5:8 esp. das juntas 10mm e esp. das paredes, s/ rev. 9cm | D22: m2 | E22: 78.06 | F22: =J22 -> 70.324275 | G22: =F22*E22 -> 5489.5129 | H22: 54.25 | I22: 0.2963 | J22: =H22+(H22*I22) -> 70.324275
C23: SUBTOTAL | G23: =G22 -> 5489.5129 | I23: 0.2963
A24: 4 | C24: REVESTIMENTO | I24: 0.2963
A25: 4.1 | B25: 87878 SINAPI | C25: CHAPISCO APLICADO EM ALVENARIAS E ESTRUTURAS DE CONCRETO INTERNAS, COM COLHER DE PEDREIRO. ARGAMASSA TRAÇO 1:3 COM PREPARO MANUAL. AF_06/2014 | D25: m2 | E25: 85.79 | F25: =J25 -> 4.627791 | G25: =E25*F25 -> 397.01819 | H25: 3.57 | I25: 0.2963 | J25: =H25+(H25*I25) -> 4.627791
A26: 4.2 | B26: 87528 SINAPI | C26: EMBOÇO, PARA RECEBIMENTO DE CERÂMICA, EM ARGAMASSA TRAÇO 1:2:8, PREPARO MANUAL, APLICADO MANUALMENTE EM FACES INTERNAS DE PAREDES, PARA AMBIENTE COM ÁREA MENOR QUE 5M2, ESPESSURA DE 20MM, COM EXECUÇÃO DE TALISCAS. AF_06/2014 | D26: m2 | E26: 85.79 | F26: =J26 -> 44.839017 | G26: =E26*F26 -> 3846.7393 | H26: 34.59 | I26: 0.2963 | J26: =H26+(H26*I26) -> 44.839017
A27: 4.3 | B27: 120220 IOPES | C27: Cerâmica 10 x 10 cm, marcas de referência Eliane, Cecrisa ou Portobello, nas cores branco ou areia, com rejunte esp. 0.5 cm, empregando argamassa colante (Para revestimento meia-parede) | D27: m2 | E27: 85.73 | F27: =J27 -> 98.868801 | G27: =E27*F27 -> 8476.0223 | H27: 76.27 | I27: 0.2963 | J27: =H27+(H27*I27) -> 98.868801
A28: 4.4 | B28: 120227 IOPES | C28: Roda parede em granito cinza andorinha 7x2cm, com acabamento abaulado nos dois lados | D28: m | E28: 63.55 | F28: =J28 -> 52.914966 | G28: =E28*F28 -> 3362.7461 | H28: 40.82 | I28: 0.2963 | J28: =H28+(H28*I28) -> 52.914966
A29: 4.5 | B29: 130219 IOPES | C29: Piso cerâmico 45x45cm, PEI 5, Cargo Plus Gray, marcas de referência Eliane, Cecrisa ou Portobello, assentado com argamassa de cimento colante, inclusive rejuntamento | D29: m2 | E29: 116.59 | F29: =J29 -> 93.994713 | G29: =E29*F29 -> 10958.844 | H29: 72.51 | I29: 0.2963 | J29: =H29+(H29*I29) -> 93.994713
A30: 4.6 | B30: 130308 IOPES | C30: Soleira de granito esp. 2 cm e largura de 15 cm | D30: m | E30: 13 | F30: =J30 -> 51.618666 | G30: =E30*F30 -> 671.04266 | H30: 39.82 | I30: 0.2963 | J30: =H30+(H30*I30) -> 51.618666
A31: 4.7 | B31: 110201 IOPES | C31: Forro de gesso acabamento tipo liso | D31: m2 | E31: 116.59 | F31: =J31 -> 45.3705 | G31: =F31*E31 -> 5289.7466 | H31: 35 | I31: 0.2963 | J31: =H31+(H31*I31) -> 45.3705
A32: 4.8 | B32: 110101 IOPES | C32: Chapisco com argamassa de cimento e areia média ou grossa lavada no traço 1:3, espessura 5 mm (Para revestimento meia-parede) | D32: m2 | E32: 85.73 | F32: =J32 -> 14.466708 | G32: =F32*E32 -> 1240.2309 | H32: 11.16 | I32: 0.2963 | J32: =H32+(H32*I32) -> 14.466708
A33: 4.9 | B33: 110301 IOPES | C33: Emboço de argamassa de cimento, cal hidratada CH1 e areia lavada traço 1:0.5:6, espessura 20 mm (Para revestimento meia-parede) | D33: m2 | E33: 85.73 | F33: =J33 -> 40.405671 | G33: =F33*E33 -> 3463.9782 | H33: 31.17 | I33: 0.2963 | J33: =H33+(H33*I33) -> 40.405671
C34: SUBTOTAL | G34: =SUM(G25:G33) -> 37706.368 | I34: 0.2963
A35: 5 | C35: ESQUADRIAS | I35: 0.2963
A36: 5.1 | B36: 94559 SINAPI | C36: JANELA DE AÇO TIPO BASCULANTE PARA VIDROS, COM BATENTE, FERRAGENS E PINTURA ANTICORROSIVA. EXCLUSIVE VIDROS, ACABAMENTO, ALIZAR E CONTRAMARCO. FORNECIMENTO E INSTALAÇÃO. AF_12/2019 | D36: m2 | E36: 5.42 | F36: =J36 -> 955.16569 | G36: =F36*E36 -> 5176.9981 | H36: 736.84 | I36: 0.2963 | J36: =H36+(H36*I36) -> 955.16569
A37: 5.2 | B37: 080102 IOPES | C37: Vidro plano transparente liso, com 4 mm de espessura | D37: m2 | E37: 5.42 | F37: =J37 -> 351.72508 | G37: =F37*E37 -> 1906.3499 | H37: 271.33 | I37: 0.2963 | J37: =H37+(H37*I37) -> 351.72508
A38: 5.3 | B38: 060108 IOPES | C38: Marco de madeira de lei de 1ª (Peroba, Ipê, Angelim Pedra ou equivalente) com 15 x 3 cm de batente, nas dimensões de 0.90 x 2.10 m | D38: Und | E38: 2 | F38: =J38 -> 398.44373 | G38: =F38*E38 -> 796.88746 | H38: 307.37 | I38: 0.2963 | J38: =H38+(H38*I38) -> 398.44373
A39: 5.4 | B39: 061304 IOPES | C39: Porta em madeira de lei tipo angelim pedra ou equiv.c/enchimento em madeira 1a.qualidade esp. 30mm p/ pintura, inclusive alizares, dobradiças e fechadura externa em latão cromado LaFonte ou equiv., exclusive marco, nas dim.: 0.90 x 2.10 m | D39: Und | E39: 2 | F39: =J39 -> 1170.2348 | G39: =F39*E39 -> 2340.4697 | H39: 902.75 | I39: 0.2963 | J39: =H39+(H39*I39) -> 1170.2348
A40: 5.5 | B40: 071107 IOPES | C40: Portão de ferro de abrir em barra chata, chapa e tubo, inclusive chumbamento | D40: m2 | E40: 3.6 | F40: =J40 -> 1370.3317 | G40: =F40*E40 -> 4933.1941 | H40: 1057.11 | I40: 0.2963 | J40: =H40+(H40*I40) -> 1370.3317
G41: =SUM(G36:G40) -> 15153.899 | I41: 0.2963
A42: 6 | C42: INSTALAÇÃO ELÉTRICA | I42: 0.2963
A43: 6.1 | B43: 93137 SINAPI | C43: PONTO DE ILUMINAÇÃO RESIDENCIAL INCLUINDO INTERRUPTOR SIMPLES (2 MÓDULOS), CAIXA ELÉTRICA, ELETRODUTO, CABO, RASGO, QUEBRA E CHUMBAMENTO (EXCLUINDO LUMINÁRIA E LÂMPADA). AF_01/2016 | D43: und | E43: 2 | F43: =J43 -> 195.71537 | G43: =F43*E43 -> 391.43075 | H43: 150.98 | I43: 0.2963 | J43: =H43+(H43*I43) -> 195.71537
A44: 6.2 | B44: 93144 SINAPI | C44: PONTO DE UTILIZAÇÃO DE EQUIPAMENTOS ELÉTRICOS, RESIDENCIAL, INCLUINDO SUPORTE E PLACA, CAIXA ELÉTRICA, ELETRODUTO, CABO, RASGO, QUEBRA E CHUMBAMENTO. AF_01/2016 | D44: und | E44: 2 | F44: =J44 -> 277.6545 | G44: =F44*E44 -> 555.30899 | H44: 214.19 | I44: 0.2963 | J44: =H44+(H44*I44) -> 277.6545
A45: 6.3 | B45: 93141 SINAPI | C45: PONTO DE TOMADA RESIDENCIAL INCLUINDO TOMADA 10A/250V, CAIXA ELÉTRICA, ELETRODUTO, CABO, RASGO, QUEBRA E CHUMBAMENTO. AF_01/2016 | D45: und | E45: 8 | F45: =J45 -> 203.58392 | G45: =F45*E45 -> 1628.6713 | H45: 157.05 | I45: 0.2963 | J45: =H45+(H45*I45) -> 203.58392
A46: 6.4 | B46: 97584 SINAPI | C46: LUMINÁRIA TIPO CALHA, DE SOBREPOR, COM 1 LÂMPADA TUBULAR FLUORESCENTE DE 36 W, COM REATOR DE PARTIDA RÁPIDA - FORNECIMENTO E INSTALAÇÃO. AF_02/2020 | D46: und | E46: 8 | F46: =J46 -> 142.29485 | G46: =F46*E46 -> 1138.3588 | H46: 109.77 | I46: 0.2963 | J46: =H46+(H46*I46) -> 142.29485
A47: 6.5 | B47: IOPES 180702 | C47: Ventilador de teto base madeira sem alojamento para luminária, ref. Tron ou equivalente, com comando de interruptor simples, sem dimer para regulagem de velocidade. | D47: und | E47: 4 | F47: =J47 -> 306.21199 | G47: =F47*E47 -> 1224.8479 | H47: 236.22 | I47: 0.2963 | J47: =H47+(H47*I47) -> 306.21199
C48: SUB TOTAL | G48: =SUM(G43:G47) -> 4938.6178 | I48: 0.2963
A49: 7 | C49: SPDA | I49: 0.2963
A50: 7.1 | B50: 160308 IOPES | C50: Cabo condutor de cobre eletrolítico nu, tempera meio dura, encordoamento classe 2, para aterramento, diam. 50mm2 | D50: m | E50: 28.4 | F50: =J50 -> 97.61139 | G50: =F50*E50 -> 2772.1635 | H50: 75.3 | I50: 0.2963 | J50: =H50+(H50*I50) -> 97.61139
A51: 7.2 | B51: 160305 IOPES | C51: Condutor de cobre nú, seção de 35mm2, inclusive suportes isoladores e acessórios de fixação, conforme projeto | D51: m | E51: 18.8 | F51: =J51 -> 119.76516 | G51: =F51*E51 -> 2251.585 | H51: 92.39 | I51: 0.2963 | J51: =H51+(H51*I51) -> 119.76516
A52: 7.3 | B52: 151506 IOPES | C52: Haste de terra tipo COPPERWELD - 5/8" x 2.40m | D52: und | E52: 4 | F52: =J52 -> 177.43754 | G52: =F52*E52 -> 709.75018 | H52: 136.88 | I52: 0.2963 | J52: =H52+(H52*I52) -> 177.43754
A53: 7.4 | B53: 160309 IOPES | C53: Terminal aéreo em latão (minicaptor), com conector e fixação horizontal 250mm x 10mm, ref. TEL-2024, inclusive vedação dos furos com poliuretano ref. TEL 5905, marca de ref. Termotécnica ou equivalente | D53: und | E53: 4 | F53: =J53 -> 105.5966 | G53: =F53*E53 -> 422.38639 | H53: 81.46 | I53: 0.2963 | J53: =H53+(H53*I53) -> 105.5966
A54: 7.5 | B54: 91856 SINAPI | C54: ELETRODUTO FLEXÍVEL CORRUGADO, PVC, DN 32 MM (1"), PARA CIRCUITOS TERMINAIS, INSTALADO EM PAREDE - FORNECIMENTO E INSTALAÇÃO. | D54: m | E54: 11.6 | F54: =J54 -> 13.663002 | G54: =F54*E54 -> 158.49082 | H54: 10.54 | I54: 0.2963 | J54: =H54+(H54*I54) -> 13.663002
A55: 7.6 | B55: 160316 IOPES | C55: Caixa de inspeção em PVC, diâmetro 300 mm, ref TEL-552, marca de referência Termotécnica ou equivalente, inclusive escavação e reaterro | D55: und | E55: 4 | F55: =J55 -> 103.93733 | G55: =F55*E55 -> 415.74934 | H55: 80.18 | I55: 0.2963 | J55: =H55+(H55*I55) -> 103.93733
A56: 7.7 | B56: 160321 IOPES | C56: Tampa reforçada em ferro fundido com escotilha TEL 536, inclusive assentamento, marca de referência Termotécnica ou equivalente | D56: und | E56: 4 | F56: =J56 -> 152.13377 | G56: =F56*E56 -> 608.53507 | H56: 117.36 | I56: 0.2963 | J56: =H56+(H56*I56) -> 152.13377
A57: 7.8 | B57: 160324 IOPES | C57: Caixa de equalização de potenciais para uso interno e externo com cinco (5) terminais para aterramento (BEP), em polipropileno, ref. TEL-902, marca de referência Termotécnica ou equivalente | D57: und | E57: 1 | F57: =J57 -> 337.36208 | G57: =F57*E57 -> 337.36208 | H57: 260.25 | I57: 0.2963 | J57: =H57+(H57*I57) -> 337.36208
A58: 7.9 | B58: 160322 IOPES | C58: Abraçadeira tipo "D" com cunha, diâmetro 1", ref. TEL-095, marca de referência Termotécnica ou equivalente | D58: und | E58: 12 | F58: =J58 -> 7.064835 | G58: =F58*E58 -> 84.77802 | H58: 5.45 | I58: 0.2963 | J58: =H58+(H58*I58) -> 7.064835
C59: SUB TOTAL | G59: =SUM(G50:G58) -> 7760.8003 | I59: 0.2963
A60: 8 | C60: INSTALAÇÕES HIDRO-SANITÁRIAS | I60: 0.2963
C61: REDE DE ESGOTO | I61: 0.2963
A62: 8.1 | B62: 89711 SINAPI | C62: TUBO PVC, SERIE NORMAL, ESGOTO PREDIAL, DN 40 MM, FORNECIDO E INSTALADO EM RAMAL DE DESCARGA OU RAMAL DE ESGOTO SANITÁRIO. AF_12/2014 | D62: m | E62: 6.09 | F62: =J62 -> 22.996362 | G62: =F62*E62 -> 140.04784 | H62: 17.74 | I62: 0.2963 | J62: =H62+(H62*I62) -> 22.996362
A63: 8.2 | B63: 89712 SINAPI | C63: TUBO PVC, SERIE NORMAL, ESGOTO PREDIAL, DN 50 MM, FORNECIDO E INSTALADO EM RAMAL DE DESCARGA OU RAMAL DE ESGOTO SANITÁRIO. AF_12/2014 | D63: m | E63: 5.63 | F63: =J63 -> 35.64825 | G63: =F63*E63 -> 200.69965 | H63: 27.5 | I63: 0.2963 | J63: =H63+(H63*I63) -> 35.64825
A64: 8.3 | B64: 89714 SINAPI | C64: TUBO PVC, SERIE NORMAL, ESGOTO PREDIAL, DN 100 MM, FORNECIDO E INSTALA DO EM RAMAL DE DESCARGA OU RAMAL DE ESGOTO SANITÁRIO. AF_12/2014 | D64: m | E64: 20 | F64: =J64 -> 68.042787 | G64: =F64*E64 -> 1360.8557 | H64: 52.49 | I64: 0.2963 | J64: =H64+(H64*I64) -> 68.042787
A65: 8.4 | B65: 141101 IOPES | C65: Caixas de inspeção de alv. blocos concreto 9x19x39cm, dim, 60x60cm e Hmáx = 1m, com tampa de conc. esp. 5cm, lastro de conc. esp. 10cm, revest intern. c/ chapisco e reboco impermeabilizado, incl. escavação, reaterro e enchimento | D65: und | E65: 2 | F65: =J65 -> 615.36657 | G65: =F65*E65 -> 1230.7331 | H65: 474.71 | I65: 0.2963 | J65: =H65+(H65*I65) -> 615.36657
A66: 8.5 | B66: 141104 IOPES | C66: Caixa de gordura de alv. bloco concreto 9x19x39cm, dim.60x60cm e Hmáx=1m, com tampa em concreto esp.5cm, lastro concreto esp.10cm, revestida intern. c/ chapisco e reboco impermeab, escavação, reaterro e parede interna em concreto | D66: und | E66: 1 | F66: =J66 -> 666.70005 | G66: =F66*E66 -> 666.70005 | H66: 514.31 | I66: 0.2963 | J66: =H66+(H66*I66) -> 666.70005
A67: 8.6 | B67: 89495 SINAPI | C67: RALO SIFONADO, PVC, DN 100 X 40 MM, JUNTA SOLDÁVEL, FORNECIDO E INSTAL ADO EM RAMAIS DE ENCAMINHAMENTO DE ÁGUA PLUVIAL. AF_12/2014 | D67: und | E67: 4 | F67: =J67 -> 18.433386 | G67: =F67*E67 -> 73.733544 | H67: 14.22 | I67: 0.2963 | J67: =H67+(H67*I67) -> 18.433386
C68: REDE DE ÁGUA | I68: 0.2963
A69: 8.7 | B69: 94648 SINAPI | C69: TUBO, PVC, SOLDÁVEL, DN 25 MM, INSTALADO EM RESERVAÇÃO DE ÁGUA DE EDI FICAÇÃO QUE POSSUA RESERVATÓRIO DE FIBRA/FIBROCIMENTO FORNECIMENTO E INSTALAÇÃO. AF_06/2016 | D69: m | E69: 7.6 | F69: =J69 -> 13.663002 | G69: =F69*E69 -> 103.83882 | H69: 10.54 | I69: 0.2963 | J69: =H69+(H69*I69) -> 13.663002
A70: 8.8 | B70: 141411 IOPES | C70: Tubo de PVC rigido soldável marrom, diâm. 32mm (1"), inclusive conexões | D70: m | E70: 24.64 | F70: =J70 -> 34.935285 | G70: =F70*E70 -> 860.80542 | H70: 26.95 | I70: 0.2963 | J70: =H70+(H70*I70) -> 34.935285
A71: 8.9 | B71: 94653 SINAPI | C71: TUBO, PVC, SOLDÁVEL, DN 75 MM, INSTALADO EM RESERVAÇÃO DE ÁGUA DE EDIFICAÇÃO QUE POSSUA RESERVATÓRIO DE FIBRA/FIBROCIMENTO FORNECIMENTO E INSTALAÇÃO. AF_06/2016 | D71: m | E71: 2.74 | F71: =J71 -> 92.387301 | G71: =F71*E71 -> 253.1412 | H71: 71.27 | I71: 0.2963 | J71: =H71+(H71*I71) -> 92.387301
A72: 8.10 | B72: 94495 SINAPI | C72: REGISTRO DE GAVETA BRUTO, LATÃO, ROSCÁVEL, 1, INSTALADO EM RESERVAÇÃO DE ÁGUA DE EDIFICAÇÃO QUE POSSUA RESERVATÓRIO DE FIBRA/FIBROCIMENTO FORNECIMENTO E INSTALAÇÃO. AF_06/2016 | D72: und | E72: 7 | F72: =J72 -> 73.798359 | G72: =F72*E72 -> 516.58851 | H72: 56.93 | I72: 0.2963 | J72: =H72+(H72*I72) -> 73.798359
A73: 8.11 | B73: 89351 SINAPI | C73: REGISTRO DE PRESSÃO BRUTO, ROSCÁVEL, 1", FORNECIDO E INSTALADO EM RAMAL DE ÁGUA. AF_12/2014 | D73: und | E73: 2 | F73: =J73 -> 39.109371 | G73: =F73*E73 -> 78.218742 | H73: 30.17 | I73: 0.2963 | J73: =H73+(H73*I73) -> 39.109371
A74: 8.12 | B74: 102607 SINAPI | C74: CAIXA D´ÁGUA EM POLIETILENO, 1000 LITROS - FORNECIMENTO E INSTALAÇÃO. AF_06/2021 | D74: und | E74: 1 | F74: =J74 -> 621.7703 | G74: =F74*E74 -> 621.7703 | H74: 479.65 | I74: 0.2963 | J74: =H74+(H74*I74) -> 621.7703
C75: SUBTOTAL | G75: =SUM(G62:G74) -> 6107.133 | I75: 0.2963
A76: 9 | C76: COBERTURA | I76: 0.2963
C77: ESTRUTURA PARA TELHADO | I77: 0.2963
A78: 9.1 | B78: 92580 SINAPI | C78: TRAMA DE AÇO COMPOSTA POR TERÇAS PARA TELHADOS DE ATÉ 2 ÁGUAS PARA TEL HA ONDULADA DE FIBROCIMENTO, METÁLICA, PLÁSTICA OU TERMOACÚSTICA, INCL USO TRANSPORTE VERTICAL. AF_07/2019 | D78: m2 | E78: 170.83 | F78: =J78 -> 97.585464 | G78: =F78*E78 -> 16670.525 | H78: 75.28 | I78: 0.2963 | J78: =H78+(H78*I78) -> 97.585464
C79: TELHADO | I79: 0.2963
A80: 9.2 | B80: 94216 SINAPI | C80: TELHAMENTO COM TELHA METÁLICA TERMOACÚSTICA E = 30 MM, COM ATÉ 2 ÁGUAS, INCLUSO IÇAMENTO. AF_07/2019 | D80: m2 | E80: 170.83 | F80: =J80 -> 369.04365 | G80: =F80*E80 -> 63043.726 | H80: 284.69 | I80: 0.2963 | J80: =H80+(H80*I80) -> 369.04365
C81: RUFOS E CALHAS | I81: 0.2963
A82: 9.3 | B82: 090312 IOPES | C82: Calha em chapa galvanizada com largura de 40 cm | D82: m | E82: 19.75 | F82: =J82 -> 171.25419 | G82: =F82*E82 -> 3382.2703 | H82: 132.11 | I82: 0.2963 | J82: =H82+(H82*I82) -> 171.25419
C83: SUBTOTAL | G83: =G82+G80+G78 -> 83096.521 | I83: 0.2963
A84: 10 | C84: PINTURA | I84: 0.2963
A85: 10.1 | B85: 190104 IOPES | C85: Pintura com tinta látex PVA, marcas de referência Suvinil, Coral ou Metalatex, inclusive selador em paredes e forros, a três demãos | D85: m2 | E85: 274.63 | F85: =J85 -> 26.768595 | G85: =F85*E85 -> 7351.4592 | H85: 20.65 | I85: 0.2963 | J85: =H85+(H85*I85) -> 26.768595
A86: 10.2 | B86: 190302 IOPES | C86: Pintura com tinta esmalte sintético, marcas de referência Suvinil, Coral ou Metalatex, inclusive fundo branco | D86: m2 | E86: 46.6 | F86: =J86 -> 28.350081 | G86: =F86*E86 -> 1321.1138 | H86: 21.87 | I86: 0.2963 | J86: =H86+(H86*I86) -> 28.350081
A87: 10.3 | B87: 100726 SINAPI | C87: PINTURA COM TINTA ALQUÍDICA DE FUNDO E ACABAMENTO (ESMALTE SINTÉTICO GRAFITE) APLICADA A ROLO OU PINCEL SOBRE SUPERFÍCIES METÁLICAS (EXCETO PERFIL) EXECUTADO EM OBRA (POR DEMÃO). AF_01/2020 | D87: m2 | E87: 30.08 | F87: =J87 -> 28.531563 | G87: =F87*E87 -> 858.22942 | H87: 22.01 | I87: 0.2963 | J87: =H87+(H87*I87) -> 28.531563
A88: 10.4 | B88: 190117 IOPES | C88: Pintura com tinta acrílica, marcas de referência Suvinil, Coral e Metalatex, inclusive selador acrílico, em paredes e forros, a duas demãos | D88: m2 | E88: 51.64 | F88: =J88 -> 21.894507 | G88: =F88*E88 -> 1130.6323 | H88: 16.89 | I88: 0.2963 | J88: =H88+(H88*I88) -> 21.894507
C89: SUBTOTAL | G89: =SUM(G85:G88) -> 10661.435 | I89: 0.2963
A90: 11 | C90: ACESSÓRIOS | I90: 0.2963
A91: 11.1 | B91: 86902 SINAPI | C91: LAVATÓRIO LOUÇA BRANCA COM COLUNA, *44 X 35,5* CM, PADRÃO POPULAR - FORNECIMENTO E INSTALAÇÃO. AF_12/2013 | D91: und | E91: 2 | F91: =J91 -> 274.80264 | G91: =F91*E91 -> 549.60527 | H91: 211.99 | I91: 0.2963 | J91: =H91+(H91*I91) -> 274.80264
A92: 11.2 | B92: 95472 SINAPI | C92: VASO SANITARIO SIFONADO CONVENCIONAL PARA PCD COM CAIXA ACOPLADA SEM FURO FRONTAL COM LOUÇA BRANCA SEM ASSENTO, INCLUSO CONJUNTO DE LIGAÇÃO PARA BACIA SANITÁRIA AJUSTÁVEL - FORNECIMENTO E INSTALAÇÃO. AF_10/2016 | D92: und | E92: 2 | F92: =J92 -> 687.18159 | G92: =E92*F92 -> 1374.3632 | H92: 530.11 | I92: 0.2963 | J92: =H92+(H92*I92) -> 687.18159
A93: 11.3 | B93: 102152 SINAPI | C93: INSTALAÇÃO DE VIDRO LISO, E = 4 MM, EM ESQUADRIA DE MADEIRA, FIXADO COM BAGUETE. AF_01/2021 | D93: m2 | E93: 0.72 | F93: =J93 -> 286.59897 | G93: =F93*E93 -> 206.35126 | H93: 221.09 | I93: 0.2963 | J93: =H93+(H93*I93) -> 286.59897
C94: SUBTOTAL | G94: =SUM(G91:G93) -> 2130.3197 | I94: 0.2963
A95: 12 | C95: SERVIÇOS COMPLEMENTARES | I95: 0.2963
A96: 12.1 | B96: 96624 SINAPI | C96: LASTRO COM MATERIAL GRANULAR, APLICADO EM PISOS OU RADIERS, ESPESSURA DE *10 CM*. AF_08/2017 | D96: m3 | E96: 0.52 | F96: =J96 -> 150.48747 | G96: =E96*F96 -> 78.253483 | H96: 116.09 | I96: 0.2963 | J96: =H96+(H96*I96) -> 150.48747
A97: 12.2 | B97: 99861 SINAPI | C97: GRADIL EM FERRO FIXADO EM VÃOS DE JANELAS, FORMADO POR BARRAS CHATAS E 25X4,8 MM. AF_04/2019 | D97: m2 | E97: 9.84 | F97: =J97 -> 845.70612 | G97: =E97*F97 -> 8321.7482 | H97: 652.4 | I97: 0.2963 | J97: =H97+(H97*I97) -> 845.70612
A98: 12.3 | B98: 100701 SINAPI | C98: PORTA DE FERRO, DE ABRIR, TIPO GRADE COM CHAPA, COM GUARNIÇÕES. AF_12/2019 | D98: m2 | E98: 8.8 | F98: =J98 -> 631.69995 | G98: =E98*F98 -> 5558.9596 | H98: 487.31 | I98: 0.2963 | J98: =H98+(H98*I98) -> 631.69995
A99: 12.4 | B99: 071107 IOPES | C99: Portão de ferro de abrir em barra chata, chapa e tubo, inclusive chumbamento | D99: m2 | E99: 3.6 | F99: =J99 -> 1370.3317 | G99: =E99*F99 -> 4933.1941 | H99: 1057.11 | I99: 0.2963 | J99: =H99+(H99*I99) -> 1370.3317
C100: SUBTOTAL | G100: =SUM(G96:G99) -> 18892.155 | I100: 0.2963
...

Sheet MEMÓRIA DE CÁLCULO
B1: PREFEITURA MUNICIPAL DE VARGEM ALTA
B2: ESTADO DO ESPÍRITO SANTO
A3: Obra: | B3: ='PLANILHA ORÇAM.'!B3:E3 -> REFORMA E AMPLIAÇÃO EMEB "FRADE"
A4: Local: | B4: ='PLANILHA ORÇAM.'!B4:E4 -> FRADE- VARGEM ALTA- ES
A5: MEMÓRIA DE CÁLCULO
A6: ITEM | B6: DESCRIÇÃO | C6: UNID | D6: QUANT. | E6: CÁLCULO
B7: REFORMA
A8: 1 | B8: INSTALAÇÃO DO CANTEIRO DE OBRAS
A9: 1.1 | B9: ='PLANILHA ORÇAM.'!C9 -> Placa de obra nas dimensões de 2.0 x 4.0 m, padrão | C9: ='PLANILHA ORÇAM.'!D9 -> m2 | D9: 8 | E9: 4,00x2,00= 8,00m2 | J9: =D9-'PLANILHA ORÇAM.'!E9 -> 0
J10: =D10-'PLANILHA ORÇAM.'!E10 -> 0
A11: 2 | B11: RETIRADA E DEMOLIÇÃO | J11: =D11-'PLANILHA ORÇAM.'!E11 -> 0
A12: 2.1 | B12: ='PLANILHA ORÇAM.'!C12 -> Retirada de cobertura em telhas Canalete 49 | C12: ='PLANILHA ORÇAM.'!D12 -> m2 | D12: 142.35 | E12: (18,25x7,80)= 142,35m2 | J12: =D12-'PLANILHA ORÇAM.'!E12 -> 0
A13: 2.2 | B13: ='PLANILHA ORÇAM.'!C13 -> Demolição de revestimento com azulejos | C13: ='PLANILHA ORÇAM.'!D13 -> m2 | D13: 27.56 | E13: (1,17x2,60)= 3,04x2= 6,08m2 (1,17+2,60)=3,77x2,85=10,74x2= 21,48m2 Total:27,56m2 | J13: =D13-'PLANILHA ORÇAM.'!E13 -> 0
A14: 2.3 | B14: ='PLANILHA ORÇAM.'!C14 -> Demolição de forro de madeira, sem reaproveitamento | C14: ='PLANILHA ORÇAM.'!D14 -> m2 | D14: 68.04 | E14: Conforme projeto: (34,02m2 x 2)= 68,04m2 | J14: =D14-'PLANILHA ORÇAM.'!E14 -> 0
A15: 2,4 | B15: ='PLANILHA ORÇAM.'!C15 -> Demolição de alvenaria | C15: ='PLANILHA ORÇAM.'!D15 -> m3 | D15: 25.48 | E15: (2,60x3x2,85)+(1,80x1,45)= 22,23+3,25= 25,48m2 | J15: =D15-'PLANILHA ORÇAM.'!E15 -> 22.21
A16: 2.5 | B16: ='PLANILHA ORÇAM.'!C16 -> RASGO EM CONTRAPISO PARA RAMAIS/ DISTRIBUIÇÃO COM DIÂMETROS MAIORES QUE 75 MM. AF_05/2015 | C16: ='PLANILHA ORÇAM.'!D16 -> m | D16: 15 | E16: (0,80+1,22+0,39+1,07+1,31+0,39+1,81+0,60+0,54)= 8,13m (0,39+1,96+0,38+1,67+0,59+1,31+0,57)=6,87m Total:8,13+6,87=15,00m | J16: =D16-'PLANILHA ORÇAM.'!E16 -> 0
A17: 2.6 | B17: ='PLANILHA ORÇAM.'!C17 -> Retirada de portas e janelas de madeira, inclusive batentes | C17: ='PLANILHA ORÇAM.'!D17 -> m2 | D17: 0.48 | E17: (0,80x0,60)= 0,48m2 | J17: =D17-'PLANILHA ORÇAM.'!E17 -> -6
A18: 2.7 | B18: ='PLANILHA ORÇAM.'!C18 -> Retirada de aparelhos sanitários | C18: ='PLANILHA ORÇAM.'!D18 -> Und | D18: 2 | E18: 2 unidades
A19: 2.8 | B19: ='PLANILHA ORÇAM.'!C19 -> Retirada de revestimento antigo em reboco | C19: ='PLANILHA ORÇAM.'!D19 -> m2 | D19: 85.73 | E19: 85,73 m²
J20: =D20-'PLANILHA ORÇAM.'!E20 -> 0
A21: 3 | B21: ALVENARIA | J21: =D21-'PLANILHA ORÇAM.'!E21 -> 0
A22: 3.1 | B22: ='PLANILHA ORÇAM.'!C22 -> Alvenaria de blocos de concreto 9x19x39cm, c/ resist. mínimo a compres. 2.5 MPa, assent. c/ arg. De cimento, cal hidratada CH1 e areia no traço 1:0.5:8 esp. das juntas 10mm e esp. das paredes, s/ rev. 9cm | C22: ='PLANILHA ORÇAM.'!D22 -> m2 | D22: 28.96 | E22: (0,18+2,60+0,85+0,85+2,90+0,18+2,60)=10,16x2,85= 28,96m2 | J22: =D22-'PLANILHA ORÇAM.'!E22 -> -49.1
J23: =D23-'PLANILHA ORÇAM.'!E23 -> 0
A24: 4 | B24: REVESTIMENTO | J24: =D24-'PLANILHA ORÇAM.'!E24 -> 0
A25: 4.1 | B25: ='PLANILHA ORÇAM.'!C25 -> CHAPISCO APLICADO EM ALVENARIAS E ESTRUTURAS DE CONCRETO INTERNAS, COM COLHER DE PEDREIRO. ARGAMASSA TRAÇO 1:3 COM PREPARO MANUAL. AF_06/2014 | C25: ='PLANILHA ORÇAM.'!D25 -> m2 | D25: 85.79 | E25: (0,18+2,60+0,32+2,75)=5,85x2x2,85= 33,35m2 (0,85+0,85+2,90+1,00+1,00+2,60)= 9,20x2x2,85= 52,44m2 Total:33,35+52,44=85,79m2 | J25: =D25-'PLANILHA ORÇAM.'!E25 -> 0
A26: 4.2 | B26: ='PLANILHA ORÇAM.'!C26 -> EMBOÇO, PARA RECEBIMENTO DE CERÂMICA, EM ARGAMASSA TRAÇO 1:2:8, PREPARO MANUAL, APLICADO MANUALMENTE EM FACES INTERNAS DE PAREDES, PARA AMBIENTE COM ÁREA MENOR QUE 5M2, ESPESSURA DE 20MM, COM EXECUÇÃO DE TALISCAS. AF_06/2014 | C26: ='PLANILHA ORÇAM.'!D26 -> m2 | D26: 85.79 | E26: (0,18+2,60+0,32+2,75)=5,85x2x2,85= 33,35m2 (0,85+0,85+2,90+1,00+1,00+2,60)= 9,20x2x2,85= 52,44m2 Total:33,35+52,44=85,79m2 | J26: =D26-'PLANILHA ORÇAM.'!E26 -> 0
A27: 4.3 | B27: ='PLANILHA ORÇAM.'!C27 -> Cerâmica 10 x 10 cm, marcas de referência Eliane, Cecrisa ou Portobello, nas cores branco ou areia, com rejunte esp. 0.5 cm, empregando argamassa colante (Para revestimento meia-parede) | C27: ='PLANILHA ORÇAM.'!D27 -> m2 | D27: 55.66 | E27: Banheiros: (1,17+2,60)=3,77x2,85=10,74x2= 21,48m2 (0,18+2,60)=2,78x2,85=7,92x2= 15,84m2 Cozinha: (1,70+4,40+2,60+4,40)=13,10x1,40= 18,34m2 Total:21,48+15,84+18,34=55,66m2 | J27: =D27-'PLANILHA ORÇAM.'!E27 -> -30.07
A28: 4.4 | B28: ='PLANILHA ORÇAM.'!C28 -> Roda parede em granito cinza andorinha 7x2cm, com acabamento abaulado nos dois lados | C28: ='PLANILHA ORÇAM.'!D28 -> m | D28: 117.77 | E28: Conforme projeto:(6,30x5,10x3,55x0,30)+(6,30x5,05x3,55x0,35)+(6,30x2,35)+(2,60x1,50)+(2,60x1,50)4,55x2,60)+(2,90x5,25x1,20x0,80x1,15x0,80) = 117,77m2 | J28: =D28-'PLANILHA ORÇAM.'!E31 -> 1.18
A29: 4.5 | B29: ='PLANILHA ORÇAM.'!C29 -> Piso cerâmico 45x45cm, PEI 5, Cargo Plus Gray, marcas de referência Eliane, Cecrisa ou Portobello, assentado com argamassa de cimento colante, inclusive rejuntamento | C29: ='PLANILHA ORÇAM.'!D29 -> m2 | D29: 116.59 | E29: 116,59 m² | J29: =D29-'PLANILHA ORÇAM.'!E34 -> 116.59
A30: 4.6 | B30: ='PLANILHA ORÇAM.'!C30 -> Soleira de granito esp. 2 cm e largura de 15 cm | C30: ='PLANILHA ORÇAM.'!D30 -> m | D30: 13 | E30: 13,00m
A31: 4.7 | B31: ='PLANILHA ORÇAM.'!C31 -> Forro de gesso acabamento tipo liso | C31: ='PLANILHA ORÇAM.'!D31 -> m2 | D31: 116.59 | E31: 116,59m²
A32: 4.8 | B32: ='PLANILHA ORÇAM.'!C32 -> Chapisco com argamassa de cimento e areia média ou grossa lavada no traço 1:3, espessura 5 mm (Para revestimento meia-parede) | C32: ='PLANILHA ORÇAM.'!D32 -> m2 | D32: 85.73 | E32: 85,73m²
A33: 4.9 | B33: ='PLANILHA ORÇAM.'!C33 -> Emboço de argamassa de cimento, cal hidratada CH1 e areia lavada traço 1:0.5:6, espessura 20 mm (Para revestimento meia-parede) | C33: ='PLANILHA ORÇAM.'!D33 -> m2 | D33: 85.73 | E33: 85,73m²
A35: 5 | B35: ESQUADRIAS | J35: =D35-'PLANILHA ORÇAM.'!E35 -> 0
A36: 5.1 | B36: ='PLANILHA ORÇAM.'!C36 -> JANELA DE AÇO TIPO BASCULANTE PARA VIDROS, COM BATENTE, FERRAGENS E PINTURA ANTICORROSIVA. EXCLUSIVE VIDROS, ACABAMENTO, ALIZAR E CONTRAMARCO. FORNECIMENTO E INSTALAÇÃO. AF_12/2019 | C36: ='PLANILHA ORÇAM.'!D36 -> m2 | D36: 1.2 | E36: (0,60x0,60x2)=0,72m2 (0,80x0,60)=0,48m2 Total:0,72+0,48= 1,20m2 | J36: =D36-'PLANILHA ORÇAM.'!E36 -> -4.22
A37: 5.2 | B37: ='PLANILHA ORÇAM.'!C37 -> Vidro plano transparente liso, com 4 mm de espessura | C37: ='PLANILHA ORÇAM.'!D37 -> m2 | D37: 1.2 | E37: (0,60x0,60x2)=0,72m2 (0,80x0,60)=0,48m2 Total:0,72+0,48= 1,20m2 | J37: =D37-'PLANILHA ORÇAM.'!E37 -> -4.22
A38: 5.3 | B38: ='PLANILHA ORÇAM.'!C38 -> Marco de madeira de lei de 1ª (Peroba, Ipê, Angelim Pedra ou equivalente) com 15 x 3 cm de batente, nas dimensões de 0.90 x 2.10 m | C38: ='PLANILHA ORÇAM.'!D38 -> Und | D38: 2 | E38: 2 unidade
A39: 5.4 | B39: ='PLANILHA ORÇAM.'!C39 -> Porta em madeira de lei tipo angelim pedra ou equiv.c/enchimento em madeira 1a.qualidade esp. 30mm p/ pintura, inclusive alizares, dobradiças e fechadura externa em latão cromado LaFonte ou equiv., exclusive marco, nas dim.: 0.90 x 2.10 m | C39: ='PLANILHA ORÇAM.'!D39 -> Und | D39: 2 | E39: 2 unidades
A40: 5.5 | B40: ='PLANILHA ORÇAM.'!C40 -> Portão de ferro de abrir em barra chata, chapa e tubo, inclusive chumbamento | C40: ='PLANILHA ORÇAM.'!D40 -> m2 | D40: 3.6 | E40: 3,60m²
C41: ='PLANILHA ORÇAM.'!D41 -> 0 | J41: =D41-'PLANILHA ORÇAM.'!E41 -> 0
A42: 6 | B42: INSTALAÇÃO ELÉTRICA | C42: ='PLANILHA ORÇAM.'!D42 -> 0 | J42: =D42-'PLANILHA ORÇAM.'!E42 -> 0
A43: 6.1 | B43: ='PLANILHA ORÇAM.'!C43 -> PONTO DE ILUMINAÇÃO RESIDENCIAL INCLUINDO INTERRUPTOR SIMPLES (2 MÓDULOS), CAIXA ELÉTRICA, ELETRODUTO, CABO, RASGO, QUEBRA E CHUMBAMENTO (EXCLUINDO LUMINÁRIA E LÂMPADA). AF_01/2016 | C43: ='PLANILHA ORÇAM.'!D43 -> und | D43: 2 | E43: 2 unidades | J43: =D43-'PLANILHA ORÇAM.'!E43 -> 0
A44: 6.2 | B44: ='PLANILHA ORÇAM.'!C44 -> PONTO DE UTILIZAÇÃO DE EQUIPAMENTOS ELÉTRICOS, RESIDENCIAL, INCLUINDO SUPORTE E PLACA, CAIXA ELÉTRICA, ELETRODUTO, CABO, RASGO, QUEBRA E CHUMBAMENTO. AF_01/2016 | C44: ='PLANILHA ORÇAM.'!D44 -> und | D44: 2 | E44: 2 unidades | J44: =D44-'PLANILHA ORÇAM.'!E44 -> 0
A45: 6.3 | B45: ='PLANILHA ORÇAM.'!C45 -> PONTO DE TOMADA RESIDENCIAL INCLUINDO TOMADA 10A/250V, CAIXA ELÉTRICA, ELETRODUTO, CABO, RASGO, QUEBRA E CHUMBAMENTO. AF_01/2016 | C45: ='PLANILHA ORÇAM.'!D45 -> und | D45: 8 | E45: 8 unidades | J45: =D45-'PLANILHA ORÇAM.'!E45 -> 0
A46: 6.4 | B46: ='PLANILHA ORÇAM.'!C46 -> LUMINÁRIA TIPO CALHA, DE SOBREPOR, COM 1 LÂMPADA TUBULAR FLUORESCENTE DE 36 W, COM REATOR DE PARTIDA RÁPIDA - FORNECIMENTO E INSTALAÇÃO. AF_02/2020 | C46: ='PLANILHA ORÇAM.'!D46 -> und | D46: 8 | E46: 8 unidades | J46: =D46-'PLANILHA ORÇAM.'!E46 -> 0
A47: 6.5 | B47: ='PLANILHA ORÇAM.'!C47 -> Ventilador de teto base madeira sem alojamento para luminária, ref. Tron ou equivalente, com comando de interruptor simples, sem dimer para regulagem de velocidade. | C47: ='PLANILHA ORÇAM.'!D47 -> und | D47: 4 | E47: 4 unidades | J47: =D47-'PLANILHA ORÇAM.'!E47 -> 0
J48: =D48-'PLANILHA ORÇAM.'!#REF! -> #REF!
A49: 7 | B49: ='PLANILHA ORÇAM.'!C49 -> SPDA
A50: 7.1 | B50: ='PLANILHA ORÇAM.'!C50 -> Cabo condutor de cobre eletrolítico nu, tempera meio dura, encordoamento classe 2, para aterramento, diam. 50mm2 | C50: ='PLANILHA ORÇAM.'!D50 -> m | D50: 28.4 | E50: 28,40m
A51: 7.2 | B51: ='PLANILHA ORÇAM.'!C51 -> Condutor de cobre nú, seção de 35mm2, inclusive suportes isoladores e acessórios de fixação, conforme projeto | C51: ='PLANILHA ORÇAM.'!D51 -> m | D51: 18.8 | E51: 18,80m
A52: 7.3 | B52: ='PLANILHA ORÇAM.'!C52 -> Haste de terra tipo COPPERWELD - 5/8" x 2.40m | C52: ='PLANILHA ORÇAM.'!D52 -> und | D52: 4 | E52: 4 unidades
A53: 7.4 | B53: ='PLANILHA ORÇAM.'!C53 -> Terminal aéreo em latão (minicaptor), com conector e fixação horizontal 250mm x 10mm, ref. TEL-2024, inclusive vedação dos furos com poliuretano ref. TEL 5905, marca de ref. Termotécnica ou equivalente | C53: ='PLANILHA ORÇAM.'!D53 -> und | D53: 4 | E53: 4 unidades
A54: 7.5 | B54: ='PLANILHA ORÇAM.'!C54 -> ELETRODUTO FLEXÍVEL CORRUGADO, PVC, DN 32 MM (1"), PARA CIRCUITOS TERMINAIS, INSTALADO EM PAREDE - FORNECIMENTO E INSTALAÇÃO. | C54: ='PLANILHA ORÇAM.'!D54 -> m | D54: 11.6 | E54: 11,60m
A55: 7.6 | B55: ='PLANILHA ORÇAM.'!C55 -> Caixa de inspeção em PVC, diâmetro 300 mm, ref TEL-552, marca de referência Termotécnica ou equivalente, inclusive escavação e reaterro | C55: ='PLANILHA ORÇAM.'!D55 -> und | D55: 4 | E55: 4 unidades
A56: 7.7 | B56: ='PLANILHA ORÇAM.'!C56 -> Tampa reforçada em ferro fundido com escotilha TEL 536, inclusive assentamento, marca de referência Termotécnica ou equivalente | C56: ='PLANILHA ORÇAM.'!D56 -> und | D56: 4 | E56: 4 unidades
A57: 7.8 | B57: ='PLANILHA ORÇAM.'!C57 -> Caixa de equalização de potenciais para uso interno e externo com cinco (5) terminais para aterramento (BEP), em polipropileno, ref. TEL-902, marca de referência Termotécnica ou equivalente | C57: ='PLANILHA ORÇAM.'!D57 -> und | D57: 1 | E57: 1 unidade
A58: 7.9 | B58: ='PLANILHA ORÇAM.'!C58 -> Abraçadeira tipo "D" com cunha, diâmetro 1", ref. TEL-095, marca de referência Termotécnica ou equivalente | C58: ='PLANILHA ORÇAM.'!D58 -> und | D58: 12 | E58: 12 unidades
A60: 8 | B60: INSTALAÇÕES HIDRO-SANITÁRIAS | J60: =D60-'PLANILHA ORÇAM.'!E60 -> 0
B61: REDE DE ESGOTO | J61: =D61-'PLANILHA ORÇAM.'!E61 -> 0
A62: 8.1 | B62: ='PLANILHA ORÇAM.'!C62 -> TUBO PVC, SERIE NORMAL, ESGOTO PREDIAL, DN 40 MM, FORNECIDO E INSTALADO EM RAMAL DE DESCARGA OU RAMAL DE ESGOTO SANITÁRIO. AF_12/2014 | C62: ='PLANILHA ORÇAM.'!D62 -> m | D62: 6.09 | E62: (0,83+0,39+0,98+0,49+1,20+0,39+1,81)=6,09m | J62: =D62-'PLANILHA ORÇAM.'!E62 -> 0
A63: 8.2 | B63: ='PLANILHA ORÇAM.'!C63 -> TUBO PVC, SERIE NORMAL, ESGOTO PREDIAL, DN 50 MM, FORNECIDO E INSTALADO EM RAMAL DE DESCARGA OU RAMAL DE ESGOTO SANITÁRIO. AF_12/2014 | C63: ='PLANILHA ORÇAM.'!D63 -> m | D63: 5.63 | E63: (0,39+0,60+1,00+1,37+0,53+0,59+1,15)= 5,63m | J63: =D63-'PLANILHA ORÇAM.'!E63 -> 0
A64: 8.3 | B64: ='PLANILHA ORÇAM.'!C64 -> TUBO PVC, SERIE NORMAL, ESGOTO PREDIAL, DN 100 MM, FORNECIDO E INSTALA DO EM RAMAL DE DESCARGA OU RAMAL DE ESGOTO SANITÁRIO. AF_12/2014 | C64: ='PLANILHA ORÇAM.'!D64 -> m | D64: 20 | E64: (0,38+1,07+1,31+0,78+5,30+0,38+1,67+8,00+1,11)= 20,00m | J64: =D64-'PLANILHA ORÇAM.'!E64 -> 0
A65: 8.4 | B65: ='PLANILHA ORÇAM.'!C65 -> Caixas de inspeção de alv. blocos concreto 9x19x39cm, dim, 60x60cm e Hmáx = 1m, com tampa de conc. esp. 5cm, lastro de conc. esp. 10cm, revest intern. c/ chapisco e reboco impermeabilizado, incl. escavação, reaterro e enchimento | C65: ='PLANILHA ORÇAM.'!D65 -> und | D65: 2 | E65: 2 unidades | J65: =D65-'PLANILHA ORÇAM.'!E65 -> 0
A66: 8.5 | B66: ='PLANILHA ORÇAM.'!C66 -> Caixa de gordura de alv. bloco concreto 9x19x39cm, dim.60x60cm e Hmáx=1m, com tampa em concreto esp.5cm, lastro concreto esp.10cm, revestida intern. c/ chapisco e reboco impermeab, escavação, reaterro e parede interna em concreto | C66: ='PLANILHA ORÇAM.'!D66 -> und | D66: 1 | E66: 1 unidade | J66: =D66-'PLANILHA ORÇAM.'!E66 -> 0
A67: 8.6 | B67: ='PLANILHA ORÇAM.'!C67 -> RALO SIFONADO, PVC, DN 100 X 40 MM, JUNTA SOLDÁVEL, FORNECIDO E INSTAL ADO EM RAMAIS DE ENCAMINHAMENTO DE ÁGUA PLUVIAL. AF_12/2014 | C67: ='PLANILHA ORÇAM.'!D67 -> und | D67: 4 | E67: 4 unidades | J67: =D67-'PLANILHA ORÇAM.'!E67 -> 0
B68: REDE DE ÁGUA | J68: =D68-'PLANILHA ORÇAM.'!E68 -> 0
A69: 8.7 | B69: ='PLANILHA ORÇAM.'!C69 -> TUBO, PVC, SOLDÁVEL, DN 25 MM, INSTALADO EM RESERVAÇÃO DE ÁGUA DE EDI FICAÇÃO QUE POSSUA RESERVATÓRIO DE FIBRA/FIBROCIMENTO FORNECIMENTO E INSTALAÇÃO. AF_06/2016 | C69: ='PLANILHA ORÇAM.'!D69 -> m | D69: 7.6 | E69: (0,30+0,80+0,50+0,50+0,80+0,50)= 3,40m (0,60+0,80+0,70)=2,10x2= 4,20m Total:3,40+4,20= 7,60m | J69: =D69-'PLANILHA ORÇAM.'!E69 -> 0
A70: 8.8 | B70: ='PLANILHA ORÇAM.'!C70 -> Tubo de PVC rigido soldável marrom, diâm. 32mm (1"), inclusive conexões | C70: ='PLANILHA ORÇAM.'!D70 -> m | D70: 24.64 | E70: (1,10+1,10+3,90)= 6,10m (0,80+0,87+1,10+1,60+1,00+3,90)= 9,27x2= 18,54m Total:6,10+18,54= 24,64m | J70: =D70-'PLANILHA ORÇAM.'!E70 -> 0
A71: 8.9 | B71: ='PLANILHA ORÇAM.'!C71 -> TUBO, PVC, SOLDÁVEL, DN 75 MM, INSTALADO EM RESERVAÇÃO DE ÁGUA DE EDIFICAÇÃO QUE POSSUA RESERVATÓRIO DE FIBRA/FIBROCIMENTO FORNECIMENTO E INSTALAÇÃO. AF_06/2016 | C71: ='PLANILHA ORÇAM.'!D71 -> m | D71: 2.74 | E71: (0,50+1,74+0,50)= 2,74m | J71: =D71-'PLANILHA ORÇAM.'!E71 -> 0
A72: 8.10 | B72: ='PLANILHA ORÇAM.'!C72 -> REGISTRO DE GAVETA BRUTO, LATÃO, ROSCÁVEL, 1, INSTALADO EM RESERVAÇÃO DE ÁGUA DE EDIFICAÇÃO QUE POSSUA RESERVATÓRIO DE FIBRA/FIBROCIMENTO FORNECIMENTO E INSTALAÇÃO. AF_06/2016 | C72: ='PLANILHA ORÇAM.'!D72 -> und | D72: 7 | E72: 7 unidades | J72: =D72-'PLANILHA ORÇAM.'!E72 -> 0
A73: 8.11 | B73: ='PLANILHA ORÇAM.'!C73 -> REGISTRO DE PRESSÃO BRUTO, ROSCÁVEL, 1", FORNECIDO E INSTALADO EM RAMAL DE ÁGUA. AF_12/2014 | C73: ='PLANILHA ORÇAM.'!D73 -> und | D73: 2 | E73: 2 unidades | J73: =D73-'PLANILHA ORÇAM.'!E73 -> 0
A74: 8.12 | B74: ='PLANILHA ORÇAM.'!C74 -> CAIXA D´ÁGUA EM POLIETILENO, 1000 LITROS - FORNECIMENTO E INSTALAÇÃO. AF_06/2021 | C74: ='PLANILHA ORÇAM.'!D74 -> und | D74: 1 | E74: 1 unidade | J74: =D74-'PLANILHA ORÇAM.'!E74 -> 0
J75: =D75-'PLANILHA ORÇAM.'!E75 -> 0
A76: 9 | B76: COBERTURA | J76: =D76-'PLANILHA ORÇAM.'!E76 -> 0
A77: 9.1 | B77: ='PLANILHA ORÇAM.'!C78 -> TRAMA DE AÇO COMPOSTA POR TERÇAS PARA TELHADOS DE ATÉ 2 ÁGUAS PARA TEL HA ONDULADA DE FIBROCIMENTO, METÁLICA, PLÁSTICA OU TERMOACÚSTICA, INCL USO TRANSPORTE VERTICAL. AF_07/2019 | C77: ='PLANILHA ORÇAM.'!D78 -> m2 | D77: 170.83 | E77: 19,75x8,65 = 170,83 m2 | J77: =D77-'PLANILHA ORÇAM.'!E77 -> 170.83
B78: TELHADO | J78: =D78-'PLANILHA ORÇAM.'!#REF! -> #REF!
A79: 9.2 | B79: ='PLANILHA ORÇAM.'!C80 -> TELHAMENTO COM TELHA METÁLICA TERMOACÚSTICA E = 30 MM, COM ATÉ 2 ÁGUAS, INCLUSO IÇAMENTO. AF_07/2019 | C79: ='PLANILHA ORÇAM.'!D80 -> m2 | D79: 170.83 | E79: 19,75x8,65= 170,83 m2 | J79: =D79-'PLANILHA ORÇAM.'!E79 -> 170.83
B80: RUFOS E CALHAS | J80: =D80-'PLANILHA ORÇAM.'!#REF! -> #REF!
A81: 9.3 | B81: ='PLANILHA ORÇAM.'!C82 -> Calha em chapa galvanizada com largura de 40 cm | C81: ='PLANILHA ORÇAM.'!D82 -> m | D81: 19.75 | E81: 6,90+4,10+8,75=19,75m | J81: =D81-'PLANILHA ORÇAM.'!E81 -> 19.75
J82: =D82-'PLANILHA ORÇAM.'!E82 -> -19.75
A83: 10 | B83: PINTURA | J83: =D83-'PLANILHA ORÇAM.'!E83 -> 0
A84: 10.1 | B84: ='PLANILHA ORÇAM.'!C85 -> Pintura com tinta látex PVA, marcas de referência Suvinil, Coral ou Metalatex, inclusive selador em paredes e forros, a três demãos | C84: ='PLANILHA ORÇAM.'!D85 -> m2 | D84: 274.63 | E84: 274,63m² | J84: =D84-'PLANILHA ORÇAM.'!E84 -> 274.63
A85: 10.2 | B85: ='PLANILHA ORÇAM.'!C86 -> Pintura com tinta esmalte sintético, marcas de referência Suvinil, Coral ou Metalatex, inclusive fundo branco | C85: ='PLANILHA ORÇAM.'!D86 -> m2 | D85: 46.6 | E85: 46,60m² | J85: =D85-'PLANILHA ORÇAM.'!E85 -> -228.03
A86: 10.3 | B86: ='PLANILHA ORÇAM.'!C87 -> PINTURA COM TINTA ALQUÍDICA DE FUNDO E ACABAMENTO (ESMALTE SINTÉTICO GRAFITE) APLICADA A ROLO OU PINCEL SOBRE SUPERFÍCIES METÁLICAS (EXCETO PERFIL) EXECUTADO EM OBRA (POR DEMÃO). AF_01/2020 | C86: ='PLANILHA ORÇAM.'!D87 -> m2 | D86: 30.08 | E86: 30,08m² | J86: =D86-'PLANILHA ORÇAM.'!E86 -> -16.52
A87: 10.4 | B87: ='PLANILHA ORÇAM.'!C88 -> Pintura com tinta acrílica, marcas de referência Suvinil, Coral e Metalatex, inclusive selador acrílico, em paredes e forros, a duas demãos | C87: ='PLANILHA ORÇAM.'!D88 -> m2 | D87: 51.64 | E87: 51,54m²
J88: =D88-'PLANILHA ORÇAM.'!E87 -> -30.08
A89: 11 | B89: ACESSÓRIOS | J89: =D89-'PLANILHA ORÇAM.'!E89 -> 0
A90: 11.1 | B90: ='PLANILHA ORÇAM.'!C91 -> LAVATÓRIO LOUÇA BRANCA COM COLUNA, *44 X 35,5* CM, PADRÃO POPULAR - FORNECIMENTO E INSTALAÇÃO. AF_12/2013 | C90: ='PLANILHA ORÇAM.'!D91 -> und | D90: 2 | E90: 2 unidades | J90: =D90-'PLANILHA ORÇAM.'!E90 -> 2
A91: 11.2 | B91: ='PLANILHA ORÇAM.'!C92 -> VASO SANITARIO SIFONADO CONVENCIONAL PARA PCD COM CAIXA ACOPLADA SEM FURO FRONTAL COM LOUÇA BRANCA SEM ASSENTO, INCLUSO CONJUNTO DE LIGAÇÃO PARA BACIA SANITÁRIA AJUSTÁVEL - FORNECIMENTO E INSTALAÇÃO. AF_10/2016 | C91: ='PLANILHA ORÇAM.'!D92 -> und | D91: 2 | E91: 2 unidades | J91: =D91-'PLANILHA ORÇAM.'!E91 -> 0
A92: 11.3 | B92: ='PLANILHA ORÇAM.'!C93 -> INSTALAÇÃO DE VIDRO LISO, E = 4 MM, EM ESQUADRIA DE MADEIRA, FIXADO COM BAGUETE. AF_01/2021 | C92: ='PLANILHA ORÇAM.'!D93 -> m2 | D92: 0.72 | E92: (0,60x0,60)=0,36x2= 0,72m2 | J92: =D92-'PLANILHA ORÇAM.'!E92 -> -1.28
J93: =D93-'PLANILHA ORÇAM.'!E93 -> -0.72
A94: 12 | B94: SERVIÇOS COMPLEMENTARES | J94: =D94-'PLANILHA ORÇAM.'!E94 -> 0
A95: 12.1 | B95: ='PLANILHA ORÇAM.'!C96 -> LASTRO COM MATERIAL GRANULAR, APLICADO EM PISOS OU RADIERS, ESPESSURA DE *10 CM*. AF_08/2017 | C95: ='PLANILHA ORÇAM.'!D96 -> m3 | D95: 0.52 | E95: (1,00+1,37+0,38+1,07+1,31+0,39+1,96+0,52)= 8,00x0,15x0,10= 0,12m3 (1,20+1,96+0,38+1,67+0,59)=6,19x 0,15x0,10=0,10m3 (1,15x2,60x0,10)= 0,30m3 Total:0,12+0,10+0,30= 0,52m3 | J95: =D95-'PLANILHA ORÇAM.'!E95 -> 0.52
A96: 12.2 | B96: ='PLANILHA ORÇAM.'!C97 -> GRADIL EM FERRO FIXADO EM VÃOS DE JANELAS, FORMADO POR BARRAS CHATAS E 25X4,8 MM. AF_04/2019 | C96: ='PLANILHA ORÇAM.'!D97 -> m2 | D96: 9.84 | E96: 9,84m² | J96: =D96-'PLANILHA ORÇAM.'!E96 -> 9.32
A97: 12.3 | B97: ='PLANILHA ORÇAM.'!C98 -> PORTA DE FERRO, DE ABRIR, TIPO GRADE COM CHAPA, COM GUARNIÇÕES. AF_12/2019 | C97: ='PLANILHA ORÇAM.'!D98 -> m2 | D97: 8.8 | E97: 8,80m² | J97: =D97-'PLANILHA ORÇAM.'!#REF! -> #REF!
A98: 12.4 | B98: ='PLANILHA ORÇAM.'!C99 -> Portão de ferro de abrir em barra chata, chapa e tubo, inclusive chumbamento | C98: ='PLANILHA ORÇAM.'!D99 -> m2 | D98: 3.6 | E98: 3,60m² | J98: =D98-'PLANILHA ORÇAM.'!E97 -> -6.24
J99: =D99-'PLANILHA ORÇAM.'!E98 -> -8.8
A100: 13 | B100: REPARAÇÃO DE MURO | J100: =D100-'PLANILHA ORÇAM.'!E100 -> 0
A101: 13.1 | B101: ='PLANILHA ORÇAM.'!C102 -> Fôrma de tábua de madeira de 2.5x30.0cm, levando-se em conta utilização 1 vez (incluindo o material, corte, montagem, escoramento e desforma) | C101: ='PLANILHA ORÇAM.'!D102 -> m2 | D101: 0.95 | E101: (6,35x0,15)=0,95m2 | J101: =D101-'PLANILHA ORÇAM.'!E101 -> 0.95
A102: 13.2 | B102: ='PLANILHA ORÇAM.'!C103 -> CONCRETO MAGRO PARA LASTRO, TRAÇO 1:4,5:4,5 (CIMENTO/ AREIA MÉDIA/ BRITA 1) - PREPARO MECÂNICO COM BETONEIRA 400 L. AF_07/2016 | C102: ='PLANILHA ORÇAM.'!D103 -> m3 | D102: 0.1 | E102: (6,35x0,15x0,10)= 0,10m3 | J102: =D102-'PLANILHA ORÇAM.'!E102 -> -0.85
...

Sheet MEMORIAL DESCRITIVO
B1: PREFEITURA MUNICIPAL DE VARGEM ALTA
B2: ESTADO DO ESPÍRITO SANTO
A4: Obra: | B4: ='PLANILHA ORÇAM.'!B3:E3 -> REFORMA E AMPLIAÇÃO EMEB "FRADE"
A5: Local: | B5: ='PLANILHA ORÇAM.'!B4:E4 -> FRADE- VARGEM ALTA- ES
A7: MEMORIAL DESCRITIVO
B9: REFORMA
A10: 1 | B10: INSTALAÇÕES DO CANTEIRO DE OBRA
B11: A placa da obra nas dimensões de 4,00 x 2,00 m (8,00 m2) será confeccionada em chapa galvanizada com requadro de madeira de lei 8x8 cm e fixada em pontaletes de madeira de lei 8x8 cm na altura útil total de 3,50 m.Na placa deverá constar o nome do orgão provedor do recurso, o nome do orgão tomador do recurso, título ou descrição da obra / serviço, o valor do empreendimento e o nome da empresa e do responsável técnico da empresa, responsáveis pela obra, bem como o prazo de execução da mesma.
A13: 2 | B13: RETIRADA E DEMOLIÇÃO
B14: Será realizado a demolição das telhas que se encontram com patologias.
B15: Será realizado a remoção de revestimento cerâmico da construção que se encontram com patologias.
B16: Deverá ser retirado forro em reguas de pvc, inclusive perfis que se encontram com patologias.
B17: Será realizado a demolição de alvenaria para nova locação das áreas dos cômodos da construção conforme o projeto.
B18: Será realizado rasgo em contrapiso para ramais de implantação de novas tubulações da rede de esgoto.
B19: Será realizado a retirada de esquadria para nova locação conforme projeto.
A21: 3 | B21: ALVENARIA
B22: A alvenaria de vedação será executada de blocos cerâmicos furados 9x9x39 cm com espessura da parede 9 cm, assentados com argamassa mista de cimento, areia e cal hidratada no traço 1:4:6, sendo a argamassa do assentamento sendo realizada pela betoneira.
A24: 4 | B24: REVESTIMENTO
B25: O chapisco será aplicado nas alvenarias construidas no processo de reforma com colher de pedreiro em argamassa traço 1:3 com preparo manual.
B26: O emboço será aplicado nas alvenarias em argamassa no traço 1:2:8 em preparo manual com execução de taliscas.
B27: O revestimento cerâmico será realizado nas paredes internas com placas tipo esmaltada extra de dimensões 20x20cm.
B28: Será realizado a implantação de forro em réguas de pvc liso, inclusive estrutura para fixação.
A30: 5 | B30: ESQUADRIAS
B31: Será realizado a implantação de janela de aço, com fixação com argamassa exclusive vidros.
B32: Será realizado a implantação de vidro temperado incolor para as janelas, espessura de 6mm, sendo fornecimento e instalação.
A34: 6 | B34: INSTALAÇÃO ELÉTRICA
B35: Será realizado a implantação de ponto de iluminação, incluindo interruptor simples com 2 módulos, caixa életrica, eletroduto, cabo, rasgo, quebra e chumbamento exclusive luminária e lâmpada.
B36: Será realizado a implantação de ponto de utilização de equipamentos elétricos, incluindo suporte e placa, caixa elétrica, eletroduto, cabo, rasgo, quebra e chumbamento.
B37: Será realizado a implantação de ponto de tomada incluindo tomada 10A/250V, caixa elétrica, eletroduto, cabo, rasgo, quebra e chumbamento.
B38: Será realizado a implantação de luminária, de sobrepor, com reator de partida rápida e lâmpada fluorescente de 1x40W, completa, fornecimento e instalação.
B39: Deverá ser implantado ventilador de teto base madeira sem alojamento para luminária, ref. Tron ou equivalente, com comando de interruptor simples, sem dimer para regulagem de velocidade.
A41: 7 | B41: INSTALAÇÕES HIDRO-SANITÁRIAS
B42: REDE DE ESGOTO
B43: Será realizado a implantação de de tubo pvc, série normal para rede de esgoto com diâmetro de 40mm à 100mm, sendo fornecimento e instalação em ramal de descarga ou ramal de esgoto sanitário.
B44: Será realizado a execução de caixa de inspeção com dimensão de 80x80x80cm em alvenaria
B45: Será realizado a execução de caixa de gordura dupla em concreto pré-moldado com diâmetro de 60mm com tampa, sendo fornecimento e instalação.
B46: Será realizado ralo sinfonado em pvc, diâmetro de 100x40mm, junta soldável, sendo fornecimento e instalação em ramais de encaminhamento de água pluvial.
B47: REDE DE ÁGUA
B48: Será realizado a implantação de tubos de pvc, soldável com diâmetro de 25 à 75mm, instalado em reservação de água de edificação que possua reservatório de fibro/fibrocimento sendo fornecimento e instalação.
B49: Será instalado registro de gaveta bruto em latão de 1", roscável instalado em edificação que possua reservatório inclusive fornecimento e instalação.
B50: Será instalado registro de pressão bruto de 1" sendo incluso fornecimento e instalação em ramal de água.
B51: Será realizado a implantação da caixa d'água em polietileno, 1000 litros, com acessórios.
A53: 8 | B53: COBERTURA
B54: ESTRUTURA PARA TELHADO
B55: A estrutura metálica da cobertura será do tipo treliçada para galpão coberto constituida por perfis formados a frio, aço estrutural ASTM A - 570 G33 (terças) e ASTM A - 36 (demais peças) com sistema de tratamento e pintura.
B57: TELHADO
B58: A cobertura será de telhas de liga de alumínio e zinco, ondulada, espessura mínima 0,43mm, com altura mínima de onda 17mm, sobreposição lateral de uma onda e longitudinal de 200mm com mínimo de 3 apoios assentados com utilização de fitas anti-corrosiva.
B60: RUFOS E CALHAS
B61: As calhas para escoamento das aguas pluviais da cobertura será confeccionada em chapa de aço galvanizado n.24 com desenvolvimento de 33cm.
B62: As descidas das calhas serão por meio de tubo de pvc rígido soldável para esgoto predial com diâmetro de 100mm, incluindo todas as conexões necessárias.
A64: 9 | B64: PINTURA
B65: Será realizado a aplicação de pintura com tinta texturizada acrílica, uma cor, 2 demãos, realizado nas paredes internas que não se encontram revestidas por cerâmica e nas paredes externas da construção.
B66: Será realizado a aplicação de pintura em verniz sintético brilhante em madeira, três demaõs.
B67: Será realizado a aplicação de pintura protetora grafite esmalte sobre superfície metálica, 2 demãos.
A69: 10 | B69: ACESSÓRIOS
B70: Será realizado a implantação de lavatório em louça branca com coluna, dimensão 44x35,5 cm, padrão popular, sendo fornecimento e instalação.
B71: Será realizado a implantação de vaso sanitário sifonado convencional para PCD com caixa acoplada, sem furo frontal e em louça branca sem assento, incluso conjunto de ligação para bacia sanitária ajustável, inclusive fornecimento e instalação.
B72: Será implantado espelho cristal com espessura de 4mm, com moldura de madeira nos banheiros.
A74: 11 | B74: SERVIÇOS COMPLEMENTARES
B75: Deverá ser aplicado lastro com material granular, aplicado em pisos com espessura de 10cm referente ao rasgo de contrapiso no banheiros para realização de nova tubulação de esgoto.
B76: Deverá ser aplicado revestimento para piso com placas tipo esmaltada extra com dimensões de 35x35cm, inclusive argamassa.
B77: Será realizado a colocação de grade de ferro em barra chata 3/16" para esquadrias de janela e báscula.
B78: Será realizado a colocação de porta de ferro de abrir tipo barra chata, com requadro e guarnição em portas.
A80: 12 | B80: REPARAÇÃO DE MURO
B81: Será realizado a utilização de forma manuseáveis para a revitalização de muro de cercamento da construção.
B82: Será realizado a aplicação de concreto magro para lastro, traço 1:4:5:4:5, preparo mecânico com betoneira 400L.
B83: A alvenaria de vedação será executada de blocos de concreto furados 9x19x39 cm com espessura da parede 9 cm, assentado em argamassa com preparo em betoneira.
B84: O chapisco será aplicado nas alvenarias construidas no processo de reforma com colher de pedreiro em argamassa traço 1:3 com preparo manual.
A86: 13 | B86: LIMPEZA FINAL
B87: Será realizado limpeza final da obra para entrega.
B90: AMPLIAÇÃO
A91: 1 | B91: MOVIMENTO DE TERRA PARA FUNDAÇÕES
B92: Escavação manual de valas em realizado no local das fundações, exceto rocha até h=2,0 m
B93: Regularização e compactação do fundo de valas e reaterro apiloado de vala com material da obra
A96: 2 | B96: FUNDAÇÕES
B97: Antes do lançamento do concreto para confecção dos elementos de fundação, as cavas deverão estar limpas, isentas de quaisquer materiais que sejam nocivos ao concreto tais como madeira, solo carreado por chuvas, etc. Em caso de existência de água nas valas da fundação, deverá haver total esgotamento, não sendo permitida sua concretagem antes dessa providência. O fundo da vala deverá ser recoberto com uma camada de concreto magro com 5 cm de espessura. Em hipótese alguma os elementos serão concretados usando o solo diretamente como fôrma lateral.
B98: Para a execução de vigas de fundações (baldrame) deverão ser tomadas as seguintes precauções: na execução das formas estas deverão estar limpas para a concretagem, e colocadas no local escavado de forma que haja facilidade na sua remoção. Antes da concretagem, as formas deverão ser molhadas até a saturação. A concretagem deverá ser executada conforme os preceitos da norma pertinente. A cura deverá ser executada para se evitar a fissuração da peça estrutural.
A100: 3 | B100: SUPERESTRUTURA
B101: Os concretos a serem empregados terão a resistência à compressão (Fck) = 25 Mpa.
B102: Será utilizado para as sapatas, pilaretes, pilares, lajes, vigas e vigas baldrame, conforme especificar o projeto.
B103: O cimento deverá ser medido em peso, não se permitindo o emprego em fração de saca. Deverá se observar rigorosamente o fator água-cimento.
B104: As formas deverão ser perfeitamente alinhadas e niveladas, empregando-se aditivos desformantes antes da colocação das armaduras, que permitirá fácil desmontagem. Empregar-se-á pregos de duas cabeças para fixação das formas.
B105: Na execução das armaduras deverão ser verificadas as posições corretas das barras, o número de barras e suas bitolas, o cobrimento das barras (3cm), o dobramento a frio e as emendas com ganchos.
B106: O amassamento do concreto deverá ser mecânico, a fim de homogeneizar a mistura de todos os elementos. As superfícies expostas dos concretos deverão ser mantidas úmidas durante os primeiros 7 dias após a concretagem, para a cura mesmo.
A108: 4 | B108: IMPERMEABILIZAÇÃO
B109: Impermeabilização com tinta betuminosa em fundações (vigas baldrames) derverão ser executadas suas totais extensões, com duas demãos de hidroasfalto, assim como também serão impermeabilizadas as faces internas das vigas que ficarão em contato com o aterro interno.
A112: 5 | B112: ALVENARIA DE VEDAÇÃO
B113: Serão executadas por tijolos cerâmicos de oito furos: 14x19x39cm, de primeira qualidade, bem cozidos, leves, sonoros, duros, com as faces planas. Deve-se começar a execução das paredes pelos cantos, assentando-se os blocos em amarração. Durante toda a execução, o nível e o prumo de cada fiada devem ser verificados. Os blocos devem ser assentados com argamassa de cimento, areia e vedalit e revestidas conforme especificações do projeto de arquitetura. O encontro da alvenaria com as vigas superiores (encunhamento) deve ser feito com tijolos cerâmicos maciços, levemente inclinados, somente uma semana após a execução da alvenaria. As vergas serão de concreto pré-moldado, com 0,10m x 0,10m (altura e espessura), e comprimento variável de acordo com as esquadrias em questão, embutidas na alvenaria.
A115: 6 | B115: ESQUADRIAS
B116: Deverá ser utilizada madeira de lei, sem nós ou fendas, não ardida, isenta de carunchos ou brocas. A madeira deve estar bem seca. As folhas de porta deverão ser executadas em madeira compensada de tinta e cinco milímetros, com enchimento sarrafeado, semi-ôca, revestidas com compensado de três milímetros em ambas as faces. Os marcos e alisares (largura 8 cm) deverão ser fixados por intermédio de parafusos, sendo no mínimo oito parafusos por marco.
B117: As janelas serão confeccionadas com cantoneiras de ferro ¾’’ lisas, do tipo basculantes, contendo fundo antiferrugem.
B118: As ferragens deverão ser de latão ou em liga de alumínio, cobre, magnésio e zinco, com partes de aço. O acabamento deverá ser cromado. As dobradiças devem suportar, com folga o peso das portas e o regime de trabalho que venham a ser submetidas. Os cilindros das fechaduras deverão ser do tipo monobloco. Para as portas externas, para obtenção de mais segurança, deverão ser utilizados cilindros reforçados. As portas internas poderão utilizar cilindros comuns.
B119: Nas portas indicadas em projeto, onde se atende a NBR 9050, serão colocados puxadores especiais, nos dois lados (interno e externo) de cada porta.
B120: Antes dos elementos de madeira receberem pintura esmalte, deverão ser lixados e receber no mínimo duas demãos de selante, intercaladas com lixamento e polimento, até possuírem as superfícies lisas e isentas de asperezas.
A122: 7 | B122: REVESTIMENTO
B123: Foram definidos para revestimentos/ acabamentos materiais padronizados, resistentes e de fácil aplicação. Antes da execução do revestimento, deve-se deixar transcorrer tempo suficiente para o assentamento da alvenaria (aproximadamente 7 dias) e constatar se as juntas estão completamente curadas. Em tempo de chuvas, o intervalo entre o térmico da alvenaria e o início do revestimento deve ser maior.
B124: As superfícies internas e externas da ampliação que não levarem revestimentos especiais serão chapiscadas, emboçadas e rebocadas.
A126: 8 | B126: SISTEMAS DE PISO
B127: O concreto do contrapiso deverá ter espessura mínima a 5 cm e, conter impermeabilizante.
B128: Os pisos nas dependências indicadas em planta baixa, nas dimensões 45x45 cm, esmaltadas, PI-IV, de 1ª C, assentes com juntas retas e rejuntadas com cimento e corantes
...

Sheet BDI - 29,63%
A1: DETALHAMENTO DO BDI
A3: PROPONENTE: | B3: Prefeitura de Vargem Alta
A4: OBRA: | B4: ='PLANILHA ORÇAM.'!B3:E3 -> REFORMA E AMPLIAÇÃO EMEB "FRADE"
A5: CONTRATO:
A7: 1. Regime de Contribuição Previdenciária
B9: Com Desoneração
A11: 2. Tipo de Intervenção
B13: Edificações
A15: 3. Incidências sobre o custo
B17: Administração Central - AC | C17: 5 | D17: %
B18: Riscos - R | C18: 1 | D18: %
B19: Seguros e Garantias Contratuais - S+G | C19: 1 | D19: %
B20: Despesas e Encargos Financeiros - DF | C20: 0.6 | D20: %
B22: Lucro - L | C22: 4.59 | D22: %
A24: 4 – Incidências sobre o preço de venda
B26: Despesas Tributárias - I | C26: =C29+C31+C32+C33 -> 13.15 | D26: %
B28: Percentual da base de cálculo para o ISS: | C28: 100 | D28: %
B29: Alíquota do ISS (sobre a base de cálculo): | C29: 5 | D29: %
B31: COFINS | C31: 3 | D31: %
B32: PIS | C32: 0.65 | D32: %
B33: INSS | C33: =IF(B9="Com Desoneração",4.5,0) -> 4.5 | D33: %
A35: 5 – Demonstrativo de cálculo do BDI
B37: BDI= (1+(AC+S+R+G))(1+DF)(1+L)) -1 = | C37: =ROUND((((1+($C$17/100)+($C$19/100)+($C$18/100))*(1+($C$20/100))*(1+($C$22/100)))/(1-$C$26/100)-1),4) -> 0.2963
B38: ( 1- I )
A40: Declaro para os devidos fins que, conforme legislação tributária municipal, a base de cálculo
A41: =CONCATENATE("do ISS para ", B13," é de ",C28," %",", com a respectiva alíquota de ",C29," %") -> do ISS para Edificações é de 100 %, com a respectiva alíquota de 5 %
A43: Declaro para os devidos fins que o regime de Contribuição Previdenciária adotado para
A44: =CONCATENATE("elaboração do orçamento foi ",B9,", e que esta é a alternativa mais adequada para ") -> elaboração do orçamento foi Com Desoneração, e que esta é a alternativa mais adequada para
A45: a Administração Pública.
A49: Eng./Arq. | B49: GERALDO BRUNORO ESTEVES
A50: CREA/CAU: | B50: CREA - ES 033738/D
A55: Nome | B55: ELIESER RABELLO
A56: Cargo | B56: Prefeito Municipal

Sheet CRONOGRAMA
A1: PREFEITURA MUNICIPAL DE VARGEM ALTA ESTADO DO ESPÍRITO SANTO
A3: OBRA: | B3: ='PLANILHA ORÇAM.'!B3:E3 -> REFORMA E AMPLIAÇÃO EMEB "FRADE"
A4: LOCAL: | B4: ='PLANILHA ORÇAM.'!B4:E4 -> FRADE- VARGEM ALTA- ES
A5: CRONOGRAMA FÍSICO-FINANCEIRO
A6: ITEM | B6: ESPECIFICAÇÃO | E6: VALOR DAS OBRAS E % FÍSICA | F6: ANDAMENTO EM MESES
F7: 1º MÊS | G7: 2º MÊS | H7: 3º MÊS | I7: 4º MÊS
B8: REFORMA
A9: 1 | B9: ='PLANILHA ORÇAM.'!C8 -> INSTALAÇÃO DO CANTEIRO DE OBRAS | E9: ='PLANILHA ORÇAM.'!G10 -> 2970.3937 | F9: =E9 -> 2970.3937
E10: =E9/E90 -> 0.011398221
F11: 1
A12: 2 | B12: ='PLANILHA ORÇAM.'!C11 -> RETIRADA E DEMOLIÇÃO | E12: ='PLANILHA ORÇAM.'!G20 -> 5264.6558 | F12: =E12*F14 -> 5264.6558
E13: =E12/E90 -> 0.020201939
F14: 1
A15: 3 | B15: ='PLANILHA ORÇAM.'!C21 -> ALVENARIA | E15: ='PLANILHA ORÇAM.'!G23 -> 5489.5129 | F15: =E15*F17 -> 5489.5129
E16: =E15/E90 -> 0.021064778
F17: 1
A18: 4 | B18: ='PLANILHA ORÇAM.'!C24 -> REVESTIMENTO | E18: ='PLANILHA ORÇAM.'!G34 -> 37706.368 | F18: =E18*F20 -> 37706.368
E19: =E18/E90 -> 0.14468975
F20: 1
A21: 5 | B21: ='PLANILHA ORÇAM.'!C35 -> ESQUADRIAS | E21: ='PLANILHA ORÇAM.'!G41 -> 15153.899 | F21: =E21 -> 15153.899
E22: =E21/E90 -> 0.058149697
F23: 1
A24: 6 | B24: ='PLANILHA ORÇAM.'!C42 -> INSTALAÇÃO ELÉTRICA | E24: ='PLANILHA ORÇAM.'!G48 -> 4938.6178 | G24: =E24*G26 -> 4938.6178
E25: =E24/E90 -> 0.018950841
G26: 1
A27: 7 | B27: ='PLANILHA ORÇAM.'!C49 -> SPDA | E27: ='PLANILHA ORÇAM.'!G59 -> 7760.8003 | G27: =E27*G29 -> 7760.8003
E28: =E27/E90 -> 0.029780335
G29: 1
A30: 8 | B30: ='PLANILHA ORÇAM.'!C60 -> INSTALAÇÕES HIDRO-SANITÁRIAS | E30: ='PLANILHA ORÇAM.'!G75 -> 6107.133 | G30: =E30 -> 6107.133
E31: =E30/E90 -> 0.023434756
G32: 1
A33: 9 | B33: ='PLANILHA ORÇAM.'!C76 -> COBERTURA | E33: ='PLANILHA ORÇAM.'!G83 -> 83096.521 | G33: =E33*G35 -> 41548.261 | H33: =E33*H35 -> 41548.261
E34: =E33/E90 -> 0.31886431
G35: 0.5 | H35: 0.5
A36: 10 | B36: ='PLANILHA ORÇAM.'!C84 -> PINTURA | E36: ='PLANILHA ORÇAM.'!G89 -> 10661.435 | G36: =E36 -> 10661.435
E37: =E36/E90 -> 0.04091087
G38: 1
A39: 11 | B39: ='PLANILHA ORÇAM.'!C90 -> ACESSÓRIOS | E39: ='PLANILHA ORÇAM.'!G94 -> 2130.3197 | G39: =G41*E39 -> 2130.3197
E40: =E39/E90 -> 0.0081746253
G41: 1
A42: 12 | B42: ='PLANILHA ORÇAM.'!C95 -> SERVIÇOS COMPLEMENTARES | E42: ='PLANILHA ORÇAM.'!G100 -> 18892.155 | G42: =E42 -> 18892.155
E43: =E42/E90 -> 0.072494419
G44: 1
A45: 13 | B45: ='PLANILHA ORÇAM.'!C101 -> REPARAÇÃO DE MURO | E45: ='PLANILHA ORÇAM.'!G106 -> 706.81924 | G45: =G47*E45 -> 706.81924
E46: =E45/E90 -> 0.0027122607
G47: 1
A48: 14 | B48: ='PLANILHA ORÇAM.'!C107 -> LIMPEZA DA OBRA | E48: ='PLANILHA ORÇAM.'!G109 -> 1331.4287 | I48: =I50*E48 -> 1331.4287
E49: =E48/E90 -> 0.0051090597
I50: 1
B52: AMPLIAÇÃO
A53: 1 | B53: ='PLANILHA ORÇAM.'!C113 -> MOVIMENTO DE TERRA PARA FUNDAÇÕES | E53: ='PLANILHA ORÇAM.'!G117 -> 1308.9875 | G53: =E53 -> 1308.9875
E54: =E53/E90 -> 0.0050229468
G55: 1
A56: 2 | B56: ='PLANILHA ORÇAM.'!C118 -> FUNDAÇÕES | E56: ='PLANILHA ORÇAM.'!G141 -> 16037.018 | G56: =E56*G58 -> 16037.018
E57: =E56/E90 -> 0.061538468
G58: 1
A59: 3 | B59: ='PLANILHA ORÇAM.'!C142 -> SUPERESTRUTURA | E59: ='PLANILHA ORÇAM.'!G159 -> 9520.2294 | H59: =E59*H61 -> 9520.2294
E60: =E59/E90 -> 0.03653175
H61: 1
A62: 4 | B62: ='PLANILHA ORÇAM.'!C160 -> IMPERMEABILIZAÇÃO | E62: ='PLANILHA ORÇAM.'!G162 -> 790.80626 | H62: =E62*H64 -> 790.80626
E63: =E62/E90 -> 0.0030345421
H64: 1
A65: 5 | B65: ='PLANILHA ORÇAM.'!C163 -> ALVENARIA DE VEDAÇÃO | E65: ='PLANILHA ORÇAM.'!G165 -> 2737.7861 | H65: =E65 -> 2737.7861
E66: =E65/E90 -> 0.010505642
H67: 1
A68: 6 | B68: ='PLANILHA ORÇAM.'!C166 -> ESQUADRIAS | E68: ='PLANILHA ORÇAM.'!G172 -> 7884.066 | H68: =E68*H70 -> 7884.066
E69: =E68/E90 -> 0.030253339
H70: 1
A71: 7 | B71: ='PLANILHA ORÇAM.'!C173 -> REVESTIMENTO | E71: ='PLANILHA ORÇAM.'!G177 -> 3552.8201 | H71: =E71*H73 -> 3552.8201
E72: =E71/E90 -> 0.013633152
H73: 1
A74: 8 | B74: ='PLANILHA ORÇAM.'!C178 -> SISTEMAS DE PISO | E74: ='PLANILHA ORÇAM.'!G186 -> 7910.2285 | H74: =E74 -> 7910.2285
E75: =E74/E90 -> 0.030353732
H76: 1
A77: 9 | B77: ='PLANILHA ORÇAM.'!C187 -> PINTURA | E77: ='PLANILHA ORÇAM.'!G190 -> 3349.5848 | I77: =E77 -> 3349.5848
E78: =E77/E90 -> 0.012853282
I79: 1
A80: 10 | B80: ='PLANILHA ORÇAM.'!C191 -> INSTALAÇÕES ELÉTRICAS | E80: ='PLANILHA ORÇAM.'!G198 -> 2383.0013 | I80: =E80 -> 2383.0013
E81: =E80/E90 -> 0.0091442341
I82: 1
A83: 11 | B83: ='PLANILHA ORÇAM.'!C199 -> FORROS | E83: ='PLANILHA ORÇAM.'!G202 -> 2728.1437 | I83: =I85*E83 -> 2728.1437
E84: =E83/E90 -> 0.010468641
I85: 1
A86: 12 | B86: ='PLANILHA ORÇAM.'!C203 -> LIMPEZA DA OBRA | E86: ='PLANILHA ORÇAM.'!G205 -> 188.78276 | I86: =E86 -> 188.78276
E87: =E86/E90 -> 0.00072441161
I88: 1
B90: TOTAL SIMPLES | E90: =E48+E42+E21+E18+E15+E12+E9+E33+E86+E83+E80+E77+E74+E71+E68+E65+E62+E59+E56+E53+E45+E39+E36+E30+E27+E24 -> 260601.51 | F90: =F9+F48+F15+F42+F21+F18+F12+F24+F27+F30+F33+F36+F39+F45+F53+F56+F59+F62+F65+F68+F71+F74+F77+F80+F83+F86 -> 66584.829 | G90: =G9+G48+G15+G42+G21+G18+G12+G24+G27+G30+G33+G36+G39+G45+G53+G56+G59+G62+G65+G68+G71+G74+G77+G80+G83+G86 -> 110091.55 | H90: =H9+H48+H15+H42+H21+H18+H12+H24+H27+H30+H33+H36+H39+H45+H53+H56+H59+H62+H65+H68+H71+H74+H77+H80+H83+H86 -> 73944.197 | I90: =I9+I48+I15+I42+I21+I18+I12+I24+I27+I30+I33+I36+I39+I45+I53+I56+I59+I62+I65+I68+I71+I74+I77+I80+I83+I86 -> 9980.9412
B91: TOTAL ACUMULADO | F91: =SUM(F90) -> 66584.829 | G91: =SUM(G90+F91) -> 176676.38 | H91: =SUM(H90+G91) -> 250620.57 | I91: =SUM(I90+H91) -> 260601.51
B92: PERCENTUAL SIMPLES | E92: =E10+E49+E16+E43+E22+E13+E19+E34+E87+E84+E81+E78+E72+E75+E69+E66+E63+E60+E57+E54+E46+E40+E37+E31+E28+E25 -> 1 | F92: =F90/E90 -> 0.25550438 | G92: =G90/E90 -> 0.42245168 | H92: =H90/E90 -> 0.28374431 | I92: =I90/E90 -> 0.038299629
B93: PERCENTUAL ACUMULADO | F93: =F92 -> 0.25550438 | G93: =F93+G92 -> 0.67795606 | H93: =G93+H92 -> 0.96170037 | I93: =H93+I92 -> 1
A95: ='PLANILHA ORÇAM.'!A210:C210 -> VARGEM ALTA/ES, 25 DE NOVEMBRO DE 2021
B100: GERALDO BRUNORO ESTEVES | F100: =[1]PLANILHA!E83 -> ELIESER RABELLO
B101: CREA-ES 033738/D | F101: PREFEITO MUNICIPAL
